 Dungeon Crawl Stone Soup version 0.21-a0-525-ga34b322 (webtiles) character file.

136 slep the Chopper (level 5, -4/26 HPs)
             Began as a Vine Stalker Gladiator on Dec 8, 2017.
             Slain by a phantom (8 damage)
             ... on level 4 of the Dungeon.
             The game lasted 00:05:53 (1481 turns).

slep the Chopper (Vine Stalker Gladiator)           Turns: 1481, Time: 00:05:53

Health: -4/26      AC:  4    Str: 17    XL:     5   Next: 19%
Magic:  0/6        EV: 13    Int:  8    God:
Gold:   160        SH:  0    Dex: 16    Spells: 4/4 levels left

rFire    . . .     SeeInvis .   a - +0 war axe
rCold    . . .     Gourm    .   (no shield)
rNeg     . . .     Faith    .   b - +0 leather armour
rPois    .         Spirit   +   c - +0 helmet
rElec    .         Reflect  .   (no cloak)
rCorr    +         Harm     .   (no gloves)
MR       .....                  (no boots)
Stlth    ++........             (no amulet)
HPRegen  0.48/turn              j - ring of resist corrosion
MPRegen  0.10/turn              (no ring)

@: no status effects
A: fangs 2, regeneration 1, magic shield, antimagic bite, no potion heal 3, rot
immunity
a: no special abilities


You were on level 4 of the Dungeon.
You were not hungry.

You visited 1 branch of the dungeon, and saw 4 of its levels.

You collected 160 gold pieces.

Inventory:

Hand Weapons
 a - a +0 war axe (weapon)
Missiles
 d - 3 throwing nets (quivered)
Armour
 b - a +0 leather armour (worn)
 c - a +0 helmet (worn)
Jewellery
 j - a ring of resist corrosion (left hand)
Scrolls
 e - 2 scrolls of blinking {unknown}
 g - 2 scrolls of remove curse {unknown}
 n - a scroll of magic mapping {unknown}
 o - a scroll of immolation {unknown}
 q - a scroll of identify {unknown}
 t - a scroll of amnesia {unknown}
 u - a scroll of noise {unknown}
 v - a scroll of teleportation {unknown}
Potions
 h - a potion of cancellation {unknown}
 i - a potion of ambrosia {unknown}
 l - a potion of resistance {unknown}
 p - 2 potions of haste {unknown}
Books
 s - a book of Changes

   Spells                             Type                      Level
   a - Beastly Appendage              Transmutation                1
   b - Sticks to Snakes               Transmutation                2
   c - Spider Form                    Transmutation/Poison         3
   d - Ice Form                       Ice/Transmutation            4
   e - Blade Hands                    Transmutation                5
Comestibles
 f - 4 bread rations
 k - 2 meat rations
 m - a royal jelly


   Skills:
 + Level 2.1 Fighting
 + Level 4.3 Axes
 + Level 1.8 Throwing
 + Level 0.9 Armour
 + Level 2.9 Dodging
 + Level 1.1 Stealth


You had 4 spell levels left.
You didn't know any spells.

Dungeon Overview and Level Annotations

Branches:
Dungeon (4/15)
 Temple: D:4-7

Altars:
Makhleb
Qazlal

Annotations:
D:3 slep's ghost, weakling DsGl


Innate Abilities, Weirdness & Mutations

You have extremely sharp teeth.
Your natural rate of healing is unusually fast.
When hurt, damage is shared between your health and your magic reserves.
Your bite disrupts and absorbs the magic of your enemies.
Potions cannot restore your health.
You are immune to rotting.


Message History

The phantom is moderately damaged.
The phantom hits you. The phantom barely misses you.
You barely miss the phantom. Your bite misses the phantom.
The phantom is moderately damaged.
The phantom misses you.
You hit the phantom. You bite the phantom.
The phantom's magic leaks into the air.
You drain its magic.
You feel invigorated.
The phantom is heavily damaged.
The phantom hits you.
The phantom blinks!
The phantom hits you.
* * * LOW HITPOINT WARNING * * *
You barely miss the phantom. Your bite misses the phantom.
The phantom is heavily damaged.
The phantom completely misses you. The phantom hits you!
* * * LOW HITPOINT WARNING * * *
You hit the phantom but do no damage. Your bite misses the phantom.
The phantom is heavily damaged.
The phantom hits you!
You die...

.. #...#...' ...
#...#...### ...
#.......#.+ ...
#.......#.# .. #..
#......#.######.. ...
#........#......## ..#
#................# .
#...W@...........#
####''......#....####
#...#......#.......#
#...+......#.......##
#...#....#....[......
#...#....#........###
......#..........#####.
#......#..........#.....
#......#................


You could see a phantom.

Vanquished Creatures
  A worker ant (D:4)
  A hound skeleton (D:4)
  4 adders
  An adder skeleton (D:4)
  A worm (D:2)
  4 dart slugs
  A leopard gecko (D:2)
  An orc (D:3)
  A ball python (D:2)
  2 giant cockroaches
  8 goblins
  5 hobgoblins
  A bat (D:1)
  5 frilled lizards
  8 kobolds
  A quokka skeleton (D:4)
  9 rats
54 creatures vanquished.

Notes
Turn   | Place    | Note
-------+----------+-------------------------------------------
     0 | D:1      | slep the Vine Stalker Gladiator began the quest for the Orb.
     0 | D:1      | Reached XP level 1. HP: 11/11 MP: 2/2
   107 | D:1      | Reached XP level 2. HP: 15/15 MP: 3/3
   142 | D:1      | Reached skill level 3 in Axes
   250 | D:1      | You fall through a shaft!
   301 | D:2      | Reached XP level 3. HP: 8/18 MP: 2/4
   419 | D:2      | Found a burning altar of Makhleb.
   500 | D:2      | Gained mutation: Your natural rate of healing is unusually fast. [Vine Stalker growth]
   500 | D:2      | Reached XP level 4. HP: 12/23 MP: 5/5
  1001 | D:3      | Found a stormy altar of Qazlal.
  1097 | D:3      | Reached skill level 1 in Stealth
  1173 | D:3      | Reached skill level 4 in Axes
  1188 | D:3      | Noticed slep's ghost (weakling DsGl)
  1231 | D:4      | Reached XP level 5. HP: 12/26 MP: 3/6
  1459 | D:4      | Noticed a phantom
  1481 | D:4      | Slain by a phantom

Vault maps used:
D:1:      eino_arrival_water_cross
D:2:      lemuel_crystal_altar
D:3:      glass_columns_c, st_stairs_7, grunt_qazlal_sundering
D:4:      first_bread

Skill      XL: |  1  2  3  4 |
---------------+-------------+-----
Axes           | 3 4 |  4.3
Fighting       | 2 |  2.1
Stealth        | 1 |  1.1
Throwing       | |  1.8
Armour         | |  0.9
Dodging        | |  2.9

Action                   |  1- 3 |  4- 6 || total
-------------------------+-------+-------++-------
Melee: War axe           |    65 |    53 ||   118
       Bite              |    16 |    15 ||    31
 Stab: Sleeping          |     1 |     1 ||     2
       Distracted        |       |     1 ||     1
  Eat: Chunk             |       |     2 ||     2
Armor: Leather armour    |    17 |    15 ||    32
Dodge: Dodged            |    48 |    31 ||    79

Table legend:
 A = Spawn XP
 B = Non-spawn XP
 C = Spawn XP percentage of total XP
 D = Spawn monster count
 E = Non-spawn monster count
 F = Spawn count percentage of total count
 G = Total turns spent on level
                    A         B        C        D         E        F      G
               +---------+---------+-------+---------+---------+-------+---------
         Total |       0 |     195 |   0.0 |       0 |      54 |   0.0 |  1481
               +---------+---------+-------+---------+---------+-------+---------
           D:1 |       0 |      38 |   0.0 |       0 |      23 |   0.0 |   579
           D:2 |       0 |      60 |   0.0 |       0 |      19 |   0.0 |   336
           D:3 |       0 |      39 |   0.0 |       0 |       8 |   0.0 |   280
           D:4 |       0 |      58 |   0.0 |       0 |       4 |   0.0 |   286
               +---------+---------+-------+---------+---------+-------+---------
